 Dungeon Crawl Stone Soup version 0.23-a0-635-g88ca12a (webtiles) character file.

4705 tarabluh the Summoner (level 10, 0/63 HPs)
             Began as a Barachi Summoner on Dec 27, 2018.
             Was an Elder of Sif Muna.
             Killed from afar by an electric eel (10 damage)
             ... with a bolt of electricity
             ... on level 10 of the Dungeon.
             The game lasted 00:43:33 (13938 turns).

tarabluh the Summoner (Barachi Summoner)           Turns: 13938, Time: 00:43:35

Health: 0/63       AC:  4    Str: 10    XL:     10   Next: 45%
Magic:  0/23       EV: 12    Int: 18    God:    Sif Muna [****..]
Gold:   577        SH:  3    Dex: 13    Spells: 11/28 levels left

rFire    . . .     SeeInvis +   O - +2 trident (venom)
rCold    . . .     Gourm    .   i - +0 buckler (curse)
rNeg     . . .     Faith    .   K - -1 robe (curse)
rPois    .         Spirit   +   z - +1 helmet
rElec    .         Reflect  .   o - scarf {Spirit}
rCorr    .         Harm     .   q - +0 pair of gloves
MR       .....     Rnd*Tele +   (no boots)
Stlth    ++........             (no amulet)
HPRegen  0.20/turn              b - ring of see invisible
MPRegen  0.18/turn              L - ring of teleportation (curse)

@: divine energy, slow
A: +LOS, swims, slowness 1, strong legs 1
a: Hop, Stop Divine Energy, Channel Magic, Forget Spell, Renounce Religion


You were on level 10 of the Dungeon.
You worshipped Sif Muna.
Sif Muna was greatly pleased with you.
You were not hungry.

You visited 2 branches of the dungeon, and saw 11 of its levels.

You collected 577 gold pieces.

Inventory:

Hand Weapons
 y - the +7 hand axe of Conflict {chop, Int+3}
   (You found it on level 9 of the Dungeon)

   It inflicts extra damage upon your enemies.
   It affects your intelligence (+3).
 O - a +2 trident of venom (weapon)
Missiles
 e - 220 stones
 B - 7 tomahawks
 D - a throwing net
 J - 3 javelins (quivered)
Armour
 a - a +0 robe
 i - a cursed +0 buckler (worn)
 o - a scarf of spirit shield (worn)
 q - a +0 pair of gloves (worn)
 z - a +1 helmet (worn)
 C - a +1 leather armour of magic resistance
 F - a +0 shield
 K - a cursed -1 robe (worn)
Jewellery
 b - a ring of see invisible (left hand)
 d - an uncursed ring of fire
 j - an uncursed ring of wizardry
 A - an uncursed ring of positive energy
 L - a cursed ring of teleportation (right hand)
Wands
 s - a wand of polymorph (6)
 H - a wand of enslavement (4)
 P - a wand of digging (3)
 R - a wand of random effects (9)
Scrolls
 f - 7 scrolls of teleportation
 m - 3 scrolls of magic mapping
 v - 2 scrolls of enchant weapon
 E - 4 scrolls of identify
 M - a scroll of amnesia
 Q - 4 scrolls of fear
Potions
 g - 4 potions of curing
 h - 3 potions of lignification
 k - 2 potions of haste
 l - a potion of agility {unknown}
 n - 3 potions of might
 p - a potion of magic
 r - 3 potions of brilliance
 t - a potion of ambrosia
 u - a potion of berserk rage
 w - 2 potions of resistance
 x - 3 potions of heal wounds
 G - 2 potions of flight
 I - a potion of degeneration {unknown}
 S - a potion of mutation {unknown}
Comestibles
 c - 19 rations
 N - 34 chunks of flesh


   Skills:
 - Level 2.1 Dodging
 - Level 1.7 Stealth
 + Level 9.9 Spellcasting
 * Level 13.9 Summonings


You had 11 spell levels left.
You knew the following spells:

 Your Spells              Type           Power        Failure   Level  Hunger
a - Summon Small Mammal   Summ           ####         1%          1    None
b - Call Imp              Summ           ######..     1%          2    None
c - Call Canine Familiar  Summ           ######..     1%          3    None
d - Summon Guardian Gole  Hex/Summ       ####....     2%          3    None
e - Summon Ice Beast      Ice/Summ       ####....     8%          4    ###....
f - Summon Lightning Spi  Summ/Air       ####....     8%          4    ###....

Your spell library contained the following spells:

 Spells                   Type           Power        Failure   Level  Hunger
 Magic Dart               Conj           #...         14%         1    None
 Blink                    Tloc           N/A          21%         2    None
 Slow                     Hex            #.......     21%         2    None
 Conjure Flame            Conj/Fire      #.......     38%         3    None
 Mephitic Cloud           Conj/Pois/Air  #.......     38%         3    None


Dungeon Overview and Level Annotations

Branches:
Dungeon (10/15)            Temple (1/1) D:4
   Lair: D:8-11         Orc: D:9-12

Altars:
Cheibriados
Elyvilon
Fedhas
Kikubaaqudgha
Makhleb
Nemelex Xobeh
Qazlal
Ru
Sif Muna
Vehumet
Wu Jian
Xom
Zin
The Shining One
Beogh

Annotations:
D:6 exclusions: 2 electric eels and plant


Innate Abilities, Weirdness & Mutations

Shadows flee at your approach. (+LOS)
You can swim through water.
You cover ground slowly.
You can hop short distances.


Message History

You start resting.
Your crimson imp blinks!
You feel strangely unstable.
You are suddenly yanked towards some nearby monsters!
Your surroundings suddenly seem different.
Floosh!
A hippogriff comes into view.
The hippogriff screeches!
An electric eel comes into view.
The electric eel shoots out a bolt of lightning at you!
The bolt of electricity hits you!
* * * LOW HITPOINT WARNING * * *
The electric eel shoots out a bolt of lightning at you!
The bolt of electricity hits you!
* * * LOW HITPOINT WARNING * * *
An electric eel comes into view. x3
The electric eel shoots out a bolt of lightning at you!
The bolt of electricity hits the electric eel.
The electric eel completely resists.
The bolt of electricity hits you!
You die...

#≈..≈.≈.≈..≈###..#
≈≈≈.;.≈.≈........#
≈≈≈...≈.≈≈.≈####.#
#≈≈≈..≈..........#
##≈≈≈..;≈≈≈.≈######
##≈≈≈≈≈.............
##≈≈≈≈≈≈.?≈≈≈.#######
....#≈≈≈≈≈≈≈≈.≈≈#. #
....≈≈≈≈@≈≈≈≈..# #
###≈≈≈≈≈≈≈≈≈≈≈.# #
#≈≈≈≈≈≈≈≈≈≈≈#..# #
#≈≈≈≈≈≈≈≈;≈≈## # #
≈H≈≈≈≈≈≈≈≈;≈≈# #
≈≈≈≈≈≈≈≈≈≈≈≈≈# #
#≈≈≈≈≈;≈;≈≈≈## #
....≈≈≈≈≈≈≈## #
###.≈≈≈≈≈≈## #


You could see a hippogriff and 6 electric eels.

Vanquished Creatures
  A hippogriff (D:10)
  A sky beast (D:6)
  A centaur (D:6)
  A bullfrog (D:6)
  A scorpion (D:8)
  2 crimson imps
  An orc wizard (D:5)
  A jelly (D:5)
  A hound (D:4)
  An adder (D:6)
  2 shadow imps
  An adder skeleton (D:9)
  4 orcs
  3 bats
  4 giant cockroaches
  2 hobgoblins
  2 jackals (D:4)
  3 kobolds
  4 quokkas
  A ball python (D:6)
  A goblin (D:3)
  A rat (D:1)
39 creatures vanquished.

Vanquished Creatures (collateral kills)
  Erica (D:9)
  Harold (D:7)
  2 two-headed ogres (D:10)
  The ghost of GlaceonGamingDJ the Cudgeler, a novice TrBe of Trog (D:6)
  Joseph (D:8)
  3 hippogriffs
  6 yaks (D:10)
  Menkaure (D:5)
  An ice beast (D:5)
  2 sky beasts (D:7)
  2 orc warriors (D:8)
  A phantom (D:4)
  3 ogres
  A necrophage (D:7)
  2 black bears
  A bullfrog (D:9)
  A wyvern skeleton (D:10)
  5 killer bees (D:7)
  7 wights
  2 electric eels
  A bullfrog zombie (D:5)
  2 crimson imps (D:7)
  3 jellies
  5 hounds
  4 orc priests
  A bullfrog skeleton (D:6)
  8 orc wizards
  A gnoll shaman (D:8)
  5 iguanas
  Natasha (thrice) (D:3)
  6 worker ants
  A hound skeleton (D:4)
  11 gnolls
  11 adders
  3 shadow imps
  An ooze (D:1)
  2 adder skeletons (D:5)
  A worm (D:4)
  3 dart slugs
  39 orcs
  2 ball pythons
  4 giant cockroaches
  4 goblins
  4 hobgoblins (D:1)
  9 jackals
  2 quokkas
  4 bats
  A frilled lizard (D:4)
  7 kobolds
  A leopard gecko zombie (D:6)
  8 rats
201 creatures vanquished.

Vanquished Creatures (others)
  2 plants (D:6)
2 creatures vanquished.

Grand Total: 242 creatures vanquished

Notes
Turn   | Place    | Note
-------+----------+-------------------------------------------
     0 | D:1      | tarabluh the Barachi Summoner began the quest for the Orb.
     0 | D:1      | Reached XP level 1. HP: 13/13 MP: 3/3
   147 | D:1      | Reached skill level 5 in Summonings
   238 | D:1      | Reached XP level 2. HP: 19/19 MP: 0/5
   289 | D:1      | Learned a level 2 spell: Call Imp
  1445 | D:2      | Reached XP level 3. HP: 22/24 MP: 0/7
  1714 | D:2      | Found a snail-covered altar of Cheibriados.
  1942 | D:2      | Found a radiant altar of Vehumet.
  1956 | D:2      | Found a sacrificial altar of Ru.
  2523 | D:2      | Learned a level 3 spell: Call Canine Familiar
  2543 | D:3      | Noticed Natasha
  2551 | D:3      | Killed Natasha
  2551 | D:3      | Reached XP level 4. HP: 11/30 MP: 1/9
  2852 | D:3      | Found an ancient bone altar of Kikubaaqudgha.
  2861 | D:3      | Noticed Natasha
  2871 | D:3      | Killed Natasha
  2871 | D:3      | Reached skill level 6 in Summonings
  2956 | D:3      | Learned a level 3 spell: Summon Guardian Golem
  3284 | D:3      | Noticed Natasha
  3292 | D:3      | Killed Natasha
  3614 | D:4      | Reached XP level 5. HP: 31/35 MP: 0/10
  4123 | D:4      | Reached XP level 6. HP: 39/41 MP: 3/12
  4361 | D:4      | Found a staircase to the Ecumenical Temple.
  4371 | Temple   | Entered the Ecumenical Temple
  4435 | Temple   | Became a worshipper of Sif Muna the Loreminder
  4675 | D:4      | Noticed a phantom
  4687 | D:4      | Killed a phantom
  4687 | D:4      | Reached skill level 7 in Summonings
  4890 | D:5      | Entered Level 5 of the Dungeon
  5011 | D:5      | Noticed Menkaure
  5032 | D:5      | Killed Menkaure
  5032 | D:5      | Reached skill level 5 in Spellcasting
  5324 | D:5      | Reached XP level 7. HP: 32/46 MP: 5/15
  5664 | D:5      | Reached skill level 8 in Summonings
  5747 | D:5      | Learned a level 4 spell: Summon Ice Beast
  5752 | D:5      | Learned a level 4 spell: Summon Lightning Spire
  6669 | D:5      | Found a stormy altar of Qazlal.
  6826 | D:6      | Noticed GlaceonGamingDJ's ghost (novice TrBe)
  6827 | D:6      | Found a runed door.
  7337 | D:6      | Reached * piety under Sif Muna
  7623 | D:6      | Reached XP level 8. HP: 28/52 MP: 3/17
  7888 | D:6      | Reached skill level 9 in Summonings
  8550 | D:6      | Killed GlaceonGamingDJ's ghost
  9371 | D:7      | Reached skill level 10 in Summonings
  9428 | D:7      | Noticed Harold
  9443 | D:7      | Killed Harold
  9443 | D:7      | Reached ** piety under Sif Muna
  9443 | D:7      | Reached XP level 9. HP: 40/57 MP: 0/21
  9510 | D:7      | Reached skill level 11 in Summonings
  9987 | D:7      | Got a spiked chain mail
 10465 | D:8      | Reached *** piety under Sif Muna
 10952 | D:8      | Noticed Joseph
 10968 | D:8      | Killed Joseph
 10968 | D:8      | Reached skill level 12 in Summonings
 11421 | D:8      | Found a roughly hewn altar of Beogh.
 12065 | D:9      | Found an ornate altar of the Wu Jian Council.
 12384 | D:9      | Noticed Erica
 12405 | D:9      | Killed Erica
 12405 | D:9      | Reached XP level 10. HP: 32/63 MP: 1/23
 12553 | D:9      | Reached skill level 13 in Summonings
 13093 | D:9      | Got a polished hand axe
 13094 | D:9      | Identified the +7 hand axe of Conflict {chop, Int+3} (You
                  | found it on level 9 of the Dungeon)
 13177 | D:10     | Entered Level 10 of the Dungeon
 13630 | D:10     | Reached **** piety under Sif Muna
 13732 | D:10     | Noticed a two-headed ogre
 13745 | D:10     | Killed a two-headed ogre
 13830 | D:10     | Noticed a two-headed ogre
 13839 | D:10     | Killed a two-headed ogre
 13938 | D:10     | Killed from afar by an electric eel

Vault maps used:
D:1:      lemuel_arrival_muddy
D:2:      grunt_temple_overflow_open, kennysheep_slug_shrine
D:3:      lemuel_crystal_altar, first_ration, kennysheep_small_spiral,
          grunt_ministairs_13, uniq_natasha
D:4:      lemuel_temple_firewalk_a
D:5:      nicolae_qazlal_eye_of_the_storm, uniq_menkaure
D:6:      hellmonk_ghost_happy_afterlife, corner_web_ring, st_stairs_3,
          serial_bayou_lake_a
D:7:      uniq_harold
D:8:      special_room, grunt_pizzeria, uniq_joseph
D:9:      kennysheep_little_box, serial_glass, glass_columns_a, glass_columns_b,
          minmay_strange_pillars, chequers_serial_rivers_micro_b, st_stairs_5,
          uniq_erica
D:10:     minmay_orc_keep
Temple:   dpeg_five_rooms_temple

Skill      XL: |  1  2  3  4  5  6  7  8  9 10 |
---------------+-------------------------------+-----
Summonings     | 5 6 7 8 10 12 13 | 13.9
Spellcasting   | 3 4 5 6 8 9 |  9.9
Dodging        | |  2.1
Stealth        | |  1.7

Action                   |  1- 3 |  4- 6 |  7- 9 | 10-12 || total
-------------------------+-------+-------+-------+-------++-------
Melee: Unarmed           |    12 |       |       |       ||    12
       Whip              |    39 |    72 |   107 |       ||   218
       Trident           |       |       |    48 |    13 ||    61
Throw: Stone             |    36 |     1 |       |       ||    37
       Tomahawk          |       |     6 |     6 |       ||    12
       Javelin           |       |       |     3 |       ||     3
 Cast: Summon Small Mamm |    39 |    22 |    22 |       ||    83
       Call Imp          |    33 |    42 |    45 |     9 ||   129
       Call Canine Famil |       |     6 |    29 |     3 ||    38
       Summon Guardian G |       |       |    19 |     4 ||    23
       Summon Lightning  |       |       |    37 |     8 ||    45
       Summon Ice Beast  |       |       |     1 |     3 ||     4
Invok: Divine Energy     |       |       |     1 |       ||     1
 Abil: Hop               |     1 |     2 |     2 |       ||     5
  Use: Scroll            |       |       |    24 |       ||    24
       Potion            |       |       |     1 |       ||     1
 Stab: Sleeping          |       |     1 |       |       ||     1
       Distracted        |       |     1 |     3 |       ||     4
  Eat: Chunk             |     8 |     7 |    27 |     3 ||    45
       Ration            |       |     1 |     1 |     1 ||     3
Armor: Robe              |    23 |     7 |       |     2 ||    32
       Leather armour    |       |    22 |    52 |       ||    74
Dodge: Dodged            |    60 |    52 |   122 |    14 ||   248
Block: Buckler           |       |     5 |    21 |     1 ||    27

Table legend:
 A = Non-vault XP
 B = Vault XP
 C = Vault XP percentage of total XP
 D = Non-vault monster count
 E = Vault monster count
 F = Vault count percentage of total count
                 A         B        C        D         E       F
            +---------+---------+-------+---------+---------+-------
      Total |    4688 |    2034 |  30.3 |     205 |      35 |  14.6
            +---------+---------+-------+---------+---------+-------
        D:1 |      30 |       0 |   0.0 |      23 |       0 |   0.0
        D:2 |      37 |       2 |   5.1 |      16 |       1 |   5.9
        D:3 |      51 |      21 |  29.2 |      11 |       3 |  21.4
        D:4 |     275 |       0 |   0.0 |      20 |       0 |   0.0
        D:5 |     447 |      86 |  16.1 |      28 |       1 |   3.4
        D:6 |     459 |     478 |  51.0 |      22 |       4 |  15.4
        D:7 |     901 |     475 |  34.5 |      33 |       1 |   2.9
        D:8 |     272 |     410 |  60.1 |      16 |      22 |  57.9
        D:9 |     380 |     562 |  59.7 |      21 |       3 |  12.5
       D:10 |    1836 |       0 |   0.0 |      15 |       0 |   0.0
            +---------+---------+-------+---------+---------+-------
